 Dungeon Crawl Stone Soup version 0.31.0-32-g396128a36d (webtiles) character file.

Game seed: 17218717349291737480

18886 PaiMei the Artisan of Death (level 12, -2/97 HPs)
             Began as a Demonspawn Necromancer on Apr 22, 2024.
             Was a Priest of Kikubaaqudgha.
             Slain by a catoblepas (22 damage)
             ... on level 3 of the Lair of Beasts.
             The game lasted 00:23:30 (20976 turns).

PaiMei the Artisan of Death (DsNe)                 Turns: 20976, Time: 00:23:30

Health: -2/97      AC:  7    Str: 10    XL:     12   Next: 31%
Magic:  16/25      EV: 18    Int: 20    God:    Kikubaaqudgha [***...]
Gold:   853        SH:  0    Dex: 13    Spells: 9/30 levels left

rFire   . . .        K - +3 hand axe (heavy)
rCold   . . .        (no shield)
rNeg    + . .        v - +2 leather armour {Will+}
rPois   .            (no helmet)
rElec   .            H - +0 cloak
rCorr   .            s - +0 pair of gloves
SInv    .            (boots unavailable)
Will    +....        (no amulet)
Stlth   ++           i - ring of wizardry
HPRegen 0.36/turn    z - ring of positive energy
MPRegen 0.19/turn

%: wizardry (x1)
@: no status effects
A: hooves 3, repulsion field 2, demonic guardian 2
a: Renounce Religion, Unearth Wretches


You were on level 3 of the Lair of Beasts.
You worshipped Kikubaaqudgha.
Kikubaaqudgha was most pleased with you.
You visited 3 branches of the dungeon, and saw 15 of its levels.

You collected 853 gold pieces.

Inventory:

Hand Weapons
 x - a +7 heavy flail
 C - a +1 long sword of electrocution
 D - a +3 flail
 K - a +3 heavy hand axe (weapon)
Missiles
 d - 7 javelins (quivered)
 u - 25 poisoned darts
Armour
 n - a +2 pair of boots
 s - a +0 pair of gloves (worn)
 v - a +2 leather armour of willpower (worn)
 H - a +0 cloak (worn)
Jewellery
 i - a ring of wizardry (left hand)
 z - a ring of positive energy (right hand)
 A - an amulet of magic regeneration
 G - the ring "Bastouth" {rN+ rCorr}
   (You found it on level 6 of the Dungeon)

   [ring of positive energy]

   rN+:       It protects you from negative energy.
   rCorr:     It protects you from acid and corrosion.
 J - a +5 ring of evasion
 N - an amulet of reflection
Wands
 y - a wand of mindburst (6)
 I - a wand of flame (26)
 M - a wand of charming (7)
 P - a wand of polymorph (14)
 R - a wand of iceblast (4)
Scrolls
 a - 2 scrolls of blinking {unknown}
 e - a scroll of fog {unknown}
 j - 2 scrolls of revelation {unknown}
 m - 4 scrolls of enchant weapon {unknown}
 o - 4 scrolls of immolation {unknown}
 q - 4 scrolls of identify {unknown}
 w - a scroll of fear {unknown}
 B - a scroll of noise {unknown}
 E - a scroll of acquirement {unknown}
 F - 2 scrolls of enchant armour {unknown}
 L - 3 scrolls of poison {unknown}
 O - 4 scrolls of teleportation {unknown}
 Q - 3 scrolls of vulnerability {unknown}
Potions
 b - a potion of magic
 c - 2 potions of lignification {unknown}
 f - 2 potions of might
 g - 3 potions of haste {unknown}
 h - 5 potions of mutation {unknown}
 k - 3 potions of heal wounds
 l - 4 potions of curing
 p - 2 potions of enlightenment {unknown}
 r - 4 potions of resistance {unknown}
 t - 2 potions of attraction {unknown}


   Skills:
 + Level 10.3 Fighting
 + Level 9.7 Dodging
 - Level 2.0 Stealth
 + Level 9.7 Spellcasting
 + Level 12.2 Necromancy


You had 9 spell levels left.
You knew the following spells:

 Your Spells              Type           Power      Damage    Failure   Level
a - Necrotise             Necr           100%       1d9       1%          1
b - Vampiric Draining     Necr           55%        2d9       1%          3
c - Animate Dead          Necr           55%        N/A       1%          4
d - Curse of Agony        Necr           55%        N/A       1%          5
e - Dispel Undead         Necr           55%        3d20      1%          4
f - Anguish               Hex/Necr       17%        N/A       3%          4

Your spell library contained the following spells:

 Spells                   Type           Power      Damage    Failure   Level
 Kiss of Death            Conj/Necr      100%       2d13      1%          1
 Cigotuvi's Dreadful Rot  Necr/Alch/Air  52%        N/A       1%          2
 Sublimation of Blood     Necr           55%        N/A       1%          2
 Martyr's Knell           Necr/Summ      34%        N/A       3%          4
 Magic Dart               Conj           36%        1d4       4%          1
 Blink                    Tloc           18%        N/A       6%          2
 Call Imp                 Summ           18%        N/A       6%          2
 Inner Flame              Hex/Fire       9%         N/A       12%         3
 Flame Wave               Conj/Fire      9%         2d6       34%         4
 Ignite Poison            Fire/Alch      9%         N/A       34%         4
 Sticky Flame             Fire/Alch      9%         2d5       34%         4
 Freezing Cloud           Conj/Ice/Air   4%         6-21      69%         5


Dungeon Overview and Level Annotations

Branches:
Dungeon (11/15)            Temple (1/1) D:4            Lair (3/5) D:10
    Orc (0/2) D:9
  Swamp: Lair:2-3    Shoals: Lair:2-3     Snake: Lair:2-3    Spider: Lair:2-3

Altars:
Ashenzari
Cheibriados
Dithmenos
Fedhas
Gozag
Hepliaklqana
Kikubaaqudgha
Makhleb
Nemelex Xobeh
Okawaru
Qazlal
Ru
Sif Muna
Trog
Uskayaw
Vehumet
Wu Jian
Xom
Yredelemnul

Shops:
D:2 *=   D:4 ?   D:6 :

Annotations:
D:3 2 transporters
D:5 Pikel
Lair:2 Amaemon


Innate Abilities, Weirdness & Mutations

You have hooves in place of feet.
You are surrounded by a moderate repulsion field. (EV +3)
A demonic guardian rushes to your aid.


Message History

The blast of calcifying dust hits you.
You are engulfed in calcifying dust. x2
The catoblepas gores you! The catoblepas gores you!
The catoblepas breathes a plume of calcifying dust at you.
The blast of calcifying dust hits you!
You are engulfed in calcifying dust.
The catoblepas gores you!
You are engulfed in calcifying dust.
The catoblepas gores you!
You are engulfed in calcifying dust.
The catoblepas gores you!!
You turn to flesh and can move again.
The catoblepas attacks as it pursues you!
The catoblepas gores you.
The catoblepas attacks as it pursues you!
The catoblepas closely misses you.
The catoblepas attacks as it pursues you!
The catoblepas gores you!!
The catoblepas attacks as it pursues you!
The catoblepas completely misses you.
The catoblepas attacks as it pursues you!
The catoblepas gores you!
* * * LOW HITPOINT WARNING * * *
Casting: Vampiric Draining (safe; 1% risk of failure)
Confirm with . or Enter, or press ? or * to list all spells.
Aiming: Curse of Agony (dangerous; 1% risk of failure)
Press: ? - help, Shift-Dir - straight line, f/p - bullfrog
Aim: a bullfrog (lightly wounded, chance to affect: 91%)
The catoblepas is cursed with the promise of agony.
The catoblepas breathes a plume of calcifying dust at you.
The blast of calcifying dust hits you.
* * * LOW HITPOINT WARNING * * *
A demonic guardian appears!
The blast of calcifying dust hits the plant!
The plant begins to die.
The plant is engulfed in calcifying dust.
The plant is engulfed in calcifying dust.
The plant turns to stone!
The catoblepas attacks as it pursues you!
The catoblepas gores you!!
You die...
Kikubaaqudgha rasps: "You have failed me!
Welcome... death!"

.###..#.....#...### #.
#....#..#.......## #.
##.........>..........
#....###.D#.....###.#.
##..# #..##...## ..
##..####F.##..## #.
#....#....###...
##....##F####..##
#....@Y§F.....##
#.<##.4.PP##.##
##.#.P.......#
#..§....#.#(#
##§.....#..[#
##...#...#..
..P..#.#..## #..#.. ..
P ....


You could see a catoblepas (ally target, agonized), 2 bullfrogs and a friendly
ice devil (summoned).

Vanquished Creatures
  4 skeletal warriors
  An oklob plant (Lair:2)
  A black mamba (Lair:1)
  A cane toad (Lair:2)
  Maggie (D:6)
  2 rime drakes (Lair:1)
  A kobold demonologist (D:10)
  A polar bear (Lair:1)
  Prince Ribbit (D:6)
  A shadow (D:8)
  A wyvern (Lair:2)
  16 yaks
  A wraith (D:11)
  Edmund (D:5)
  9 water moccasins
  A swamp drake (D:9)
  2 orc warriors (D:7)
  4 black bears
  An ice beast (D:8)
  3 ogres
  8 wolves (Lair:1)
  2 centaurs
  4 lemures (D:5)
  2 phantoms
  2 gnoll sergeants (D:8)
  A kobold brigand (D:10)
  6 bullfrogs
  4 scorpions
  7 wights
  4 killer bees (D:9)
  An electric eel (D:9)
  8 howler monkeys
  A jelly (D:6)
  2 gnoll boudas (D:9)
  8 orc priests
  5 hounds
  A sleepcap (D:5)
  An iguana (D:5)
  9 orc wizards
  16 gnolls
  7 adders
  3 white imps (D:6)
  2 ufetubi (D:5)
  A ribbon worm (D:3)
  A dart slug (D:2)
  36 orcs
  4 ball pythons
  2 bats
  8 endoplasms
  3 giant cockroaches
  8 goblins
  6 hobgoblins
  12 jackals
  2 quokkas (D:3)
  6 frilled lizards
  10 kobolds
  11 rats
267 creatures vanquished.

Vanquished Creatures (collateral kills)
  A boulder beetle (Lair:2)
  An ugly thing (D:11)
  A cyclops (D:11)
  2 black mambas
  A gargoyle (D:11)
  2 rime drakes
  3 cane toads
  2 komodo dragons
  A polar bear (Lair:1)
  A troll (D:10)
  A yak (Lair:1)
  A steam dragon (D:9)
  A water moccasin (Lair:1)
  An orc warrior (D:9)
  2 bullfrogs
  2 wights (D:6)
  6 killer bees (D:9)
  2 sleepcaps
  2 orc priests
  An orc wizard (D:5)
  4 gnolls
  2 adders
  7 orcs
  A bat (D:2)
  A giant cockroach (D:2)
  A goblin (D:4)
  A jackal (D:4)
  A quokka (D:2)
  A rat (D:2)
53 creatures vanquished.

Vanquished Creatures (others)
  A black mamba zombie (Lair:2)
  A cane toad zombie (Lair:2)
  A komodo dragon zombie (Lair:1)
  2 orc wizards
  2 gnolls (D:9)
7 creatures vanquished.

Grand Total: 327 creatures vanquished

Notes
Turn   | Place    | Note
-------+----------+-------------------------------------------
     0 | D:1      | PaiMei the Demonspawn Necromancer began the quest for the
                  | Orb.
     0 | D:1      | Reached XP level 1. HP: 13/13 MP: 3/3
   315 | D:1      | Gained mutation: A weak demonic guardian rushes to your
                  | aid. [demonic ancestry]
   315 | D:1      | Reached XP level 2. HP: 15/19 MP: 0/5
   820 | D:2      | Found Vusoted's Assorted Antiques.
  1106 | D:2      | Gained mutation: You are surrounded by a mild repulsion
                  | field. (EV +2) [demonic ancestry]
  1106 | D:2      | Reached XP level 3. HP: 25/25 MP: 3/6
  1468 | D:2      | Found Duesau's Jewellery Shop.
  1551 | D:2      | Reached skill level 1 in Fighting
  1764 | D:2      | Learned a level 3 spell: Vampiric Draining
  2070 | D:3      | Gained mutation: You are surrounded by a moderate repulsion
                  | field. (EV +3) [demonic ancestry]
  2070 | D:3      | Reached XP level 4. HP: 32/32 MP: 2/7
  2348 | D:3      | Reached skill level 5 in Necromancy
  2836 | D:3      | Found a sacrificial altar of Ru.
  2836 | D:3      | Noticed a sky beast
  2839 | D:3      | Found a transporter.
  2856 | D:3      | Found a transporter.
  2954 | D:4      | Noticed a scorpion
  2969 | D:3      | Killed a scorpion
  2970 | D:3      | Reached XP level 5. HP: 20/38 MP: 0/9
  3642 | D:4      | Found a staircase to the Ecumenical Temple.
  3650 | Temple   | Entered the Ecumenical Temple
  3679 | Temple   | Became a worshipper of Kikubaaqudgha
  3976 | D:4      | Found Teidd's Magic Scroll Shoppe.
  4342 | D:5      | Entered Level 5 of the Dungeon
  4342 | D:5      | Noticed a black bear
  4349 | D:5      | Killed a black bear
  4350 | D:5      | Gained mutation: You have large cloven feet. [demonic
                  | ancestry]
  4350 | D:5      | Reached XP level 6. HP: 46/46 MP: 2/10
  4787 | D:5      | Noticed Pikel
  4872 | D:5      | Noticed a water moccasin
  4875 | D:5      | Killed a water moccasin
  4876 | D:5      | Reached skill level 6 in Necromancy
  4950 | D:5      | Noticed Edmund
  5197 | D:5      | Killed Edmund
  5198 | D:5      | Reached XP level 7. HP: 40/52 MP: 0/12
  5986 | D:5      | Found a broken altar of Ashenzari.
  5996 | D:5      | Found a hide-covered altar of Uskayaw.
  7289 | D:5      | Found a shimmering blue altar of Sif Muna.
  7291 | D:5      | Found a bloodstained altar of Trog.
  7312 | D:5      | Gained mutation: A demonic guardian rushes to your aid.
                  | [demonic ancestry]
  7312 | D:5      | Reached XP level 8. HP: 60/60 MP: 8/14
  7404 | D:5      | Reached * piety under Kikubaaqudgha
  7404 | D:5      | Received a gift from Kikubaaqudgha
  7823 | D:6      | Found Ekownul's Book Boutique.
  7832 | D:6      | Reached skill level 7 in Necromancy
  8121 | D:6      | Reached skill level 5 in Dodging
  8121 | D:6      | Reached skill level 5 in Spellcasting
  8262 | D:6      | Noticed Prince Ribbit
  8263 | D:6      | Reached skill level 5 in Fighting
  8273 | D:6      | Killed Prince Ribbit
  8806 | D:7      | Reached XP level 9. HP: 25/68 MP: 2/17
  9295 | D:7      | Reached skill level 8 in Necromancy
 10267 | D:6      | Noticed Maggie
 10277 | D:6      | Killed Maggie
 10503 | D:6      | Identified the ring "Bastouth" {rN+ rCorr}
 11688 | D:8      | Reached skill level 9 in Necromancy
 12676 | D:9      | Gained mutation: You have hoof-like feet. [demonic
                  | ancestry]
 12676 | D:9      | Reached XP level 10. HP: 69/79 MP: 10/20
 12676 | D:9      | Reached ** piety under Kikubaaqudgha
 13847 | D:9      | Found a staircase to the Orcish Mines.
 14317 | D:9      | Found a blossoming altar of Fedhas.
 14552 | D:10     | Entered Level 10 of the Dungeon
 14990 | D:10     | Reached skill level 10 in Necromancy
 15260 | D:10     | Found a staircase to the Lair.
 15422 | D:10     | Found a sparkling altar of Nemelex Xobeh.
 15454 | D:10     | Noticed a sixfirhy
 15466 | D:10     | Reached *** piety under Kikubaaqudgha
 15466 | D:10     | Received a gift from Kikubaaqudgha
 15885 | D:10     | Learned a level 4 spell: Animate Dead
 15891 | D:10     | Learned a level 5 spell: Curse of Agony
 15896 | D:10     | Learned a level 4 spell: Dispel Undead
 15901 | D:10     | Learned a level 4 spell: Anguish
 16088 | D:11     | Noticed a skeletal warrior
 16088 | D:11     | Noticed a skeletal warrior
 16114 | D:10     | Killed a skeletal warrior
 16187 | D:11     | Killed a skeletal warrior
 16188 | D:11     | Gained mutation: You have hooves in place of feet. [demonic
                  | ancestry]
 16188 | D:11     | Reached XP level 11. HP: 63/87 MP: 9/23
 16282 | D:11     | Noticed a skeletal warrior
 16292 | D:11     | Killed a skeletal warrior
 16471 | D:11     | Noticed a skeletal warrior
 16474 | D:11     | Killed a skeletal warrior
 16584 | D:11     | Noticed a green ugly thing
 16596 | D:11     | Killed a green ugly thing
 16951 | D:11     | Noticed a boulder beetle
 17090 | Lair:1   | Entered Level 1 of the Lair of Beasts
 17302 | Lair:1   | Reached skill level 11 in Necromancy
 17923 | Lair:1   | Identified the +1 helmet of Skepticism {-Tele rF++ Int+5}
 17934 | Lair:1   | HP: 1/89 [cane toad (17)]
 19193 | Lair:1   | Reached XP level 12. HP: 93/97 MP: 9/25
 19865 | Lair:2   | Noticed a boulder beetle
 19889 | Lair:2   | Killed a boulder beetle
 19890 | Lair:2   | Reached skill level 10 in Fighting
 20076 | Lair:2   | Reached skill level 12 in Necromancy
 20771 | Lair:2   | Noticed Amaemon
 20935 | Lair:3   | Noticed a five-headed hydra
 20938 | Lair:3   | Noticed a catoblepas
 20939 | Lair:3   | Noticed a death yak
 20976 | Lair:3   | Slain by a catoblepas

Illustrated notes

Levels and vault maps discovered:
D:1:      psy_arrival_whirlpool, layout_loops_ring, kennysheep_another_room,
          minmay_ruptured
D:2:      layout_rooms, serial_shops, shop, shop, lightli_corner_chamber
D:3:      layout_loops_ring, gammafunk_temple_overflow_arena,
          hangedman_feature_mirror, nicolae_concentric_dashed_squares_mild
D:4:      layout_cave_pods, minmay_temple_entry_wispy, serial_shops,
          kennysheep_mini_moat
D:5:      layout_gridville, hellmonk_overflow_destroyed_library,
          amethyst_overflow_temple_binary, hellmonk_no_cap, uniq_edmund,
          uniq_pikel
D:6:      minmay_inner_zag, layout_basic, serial_shops, shop_fountains,
          minmay_misc_feat_plants, uniq_prince_ribbit1, uniq_maggie
D:7:      layout_loops_ring, kennysheep_generic_room_13
D:8:      layout_basic
D:9:      layout_rooms, nicolae_overflow_two_pavilions, erik_orc_1
D:10:     layout_roguey, mainiacjoe_overflow_chevrons,
          due_lair_maze_entry_diamond
D:11:     layout_basic, enter_trove_2
Temple:   oiseaux_autumnal_temple
Lair:1:   layout_cave_pods, portal_ice_cave_rime, grunt_megastairs_2
Lair:2:   layout_misc_corridors, nicolae_snake_entry_warm_welcome,
          serial_bayou_shore_a, grunt_megastairs_1, uniq_amaemon
Lair:3:   layout_loops_ring, minmay_swamp_entry_reptiles,
          eino_small_chamber_without_monster, minmay_shattered_shrine

Skill      XL: |  1  2  3  4  5  6  7  8  9 10 11 12 |
---------------+-------------------------------------+-----
Stealth        | 2 |  2.0
Dodging        | 2 3 4 5 6 8 9 |  9.7
Fighting       | 1 2 3 4 5 7 8 9 10 | 10.3
Necromancy     | 5 6 7 9 10 11 12 | 12.2
Spellcasting   | 3 4 5 6 8 9 |  9.7

Action                     |  1- 3 |  4- 6 |  7- 9 | 10-12 || total
---------------------------+-------+-------+-------+-------++-------
  Melee: Club              |    57 |       |       |       ||    57
         Punch             |     1 |       |     4 |     3 ||     8
         War axe           |       |    22 |       |       ||    22
         Dagger            |       |    33 |       |       ||    33
         Flail             |       |       |   149 |       ||   149
         Hand axe          |       |       |     5 |   169 ||   174
         Kick              |       |       |       |    34 ||    34
   Cast: Necrotise         |    71 |    69 |    59 |    75 ||   274
         Vampiric Draining |       |    17 |    73 |   150 ||   240
         Dispel Undead     |       |       |       |    11 ||    11
         Curse of Agony    |       |       |       |     9 ||     9
         Animate Dead      |       |       |       |     2 ||     2
    Use: Potion            |       |       |       |     6 ||     6
   Stab: Distracted        |     1 |       |       |       ||     1
         Sleeping          |       |       |     2 |       ||     2
 Armour: Robe              |    45 |    31 |       |       ||    76
         Leather armour    |       |    36 |   277 |   373 ||   686
  Dodge: Dodged            |    78 |   121 |   302 |   639 ||  1140
